TOP OF THE 1ST |
California Golden Bears batting - Pitching for Utah Utes : RHP Wes Meeks
|
Pitching: RHP Wes Meeks
|
|
Batting: RHB Ray Foster
|
0-0: Bunt for hit - play at first, batter OUT! 1-3
|
Batting: RHB Ed Crockett
|
0-0: Foul Ball, location: 2F 0-1: Ball 1-1: Ball 2-1: Ball 3-1: Base on Balls
|
Batting: LHB Robbie Evison
|
0-0: Ball 1-0: Called Strike 1-1: Swinging Strike 1-2: Ball 2-2: Strikes out looking
|
Batting: SHB Darrel Lang
|
0-0: Ball 1-0: Ball 2-0: Fly out, F8 (Flyball, 8LS)
|
Top of the 1st over - 0 run(s), 0 hit(s), 0 error(s), 1 left on base; California 0 - Utah 0 |
BOTTOM OF THE 1ST |
Utah Utes batting - Pitching for California Golden Bears : RHP Charles Schneider
|
Pitching: RHP Charles Schneider
|
|
Batting: RHB Bill Bourland
|
0-0: Called Strike 0-1: Swinging Strike 0-2: Strikes out looking
|
Batting: RHB Bennie McGrath
|
0-0: Ball 1-0: Foul Ball, location: 2F 1-1: Ball 2-1: Foul Ball, location: 2F 2-2: Ball 3-2: Fly out, F9 (Flyball, 89M)
|
Batting: RHB Brandon Owen
|
0-0: Foul Ball, location: 2F 0-1: Swinging Strike 0-2: Strikes out looking
|
Bottom of the 1st over - 0 run(s), 0 hit(s), 0 error(s), 0 left on base; California 0 - Utah 0 |
TOP OF THE 2ND |
California Golden Bears batting - Pitching for Utah Utes : RHP Wes Meeks
|
Batting: RHB Sergio González
|
0-0: Fly out, F7 (Line Drive, 78S)
|
Batting: RHB Francis Land
|
0-0: Foul Ball, location: 2F 0-1: Ground out 6-3 (Groundball, 6)
|
Batting: LHB Ken Wheeler
|
0-0: Foul Ball, location: 2F 0-1: Fly out, F7 (Flyball, 7D)
|
Top of the 2nd over - 0 run(s), 0 hit(s), 0 error(s), 0 left on base; California 0 - Utah 0 |
BOTTOM OF THE 2ND |
Utah Utes batting - Pitching for California Golden Bears : RHP Charles Schneider
|
Batting: SHB Ramón Velázquez
|
0-0: Called Strike 0-1: Called Strike 0-2: Strikes out looking
|
Batting: RHB Larry Storms
|
0-0: Ground out 2-3 (Groundball, 25)
|
Batting: SHB Glenn Hinton
|
0-0: Called Strike 0-1: Foul Ball, location: 2F 0-2: Strikes out swinging
|
Bottom of the 2nd over - 0 run(s), 0 hit(s), 0 error(s), 0 left on base; California 0 - Utah 0 |
TOP OF THE 3RD |
California Golden Bears batting - Pitching for Utah Utes : RHP Wes Meeks
|
Batting: RHB Chris Martínez
|
0-0: Ball 1-0: Foul Ball, location: 2F 1-1: Swinging Strike 1-2: Fly out, F9 (Line Drive, 89M)
|
Batting: RHB Bob Cooper
|
0-0: Ball 1-0: SINGLE (Line Drive, 6MD)
|
Batting: RHB Ray Foster
|
0-0: Ball Passed Ball! Bob Cooper to second 1-0: Called Strike 1-1: Swinging Strike 1-2: Foul Ball, location: 2F 1-2: Strikes out swinging
|
Batting: RHB Ed Crockett
|
0-0: Fly out, F7 (Flyball, 78M)
|
Top of the 3rd over - 0 run(s), 1 hit(s), 0 error(s), 1 left on base; California 0 - Utah 0 |
BOTTOM OF THE 3RD |
Utah Utes batting - Pitching for California Golden Bears : RHP Charles Schneider
|
Batting: SHB Brandon Manning
|
0-0: Ball 1-0: Foul Ball, location: 2F 1-1: Ball 2-1: Foul Ball, location: 2F 2-2: Ball 3-2: Foul Ball, location: 2F 3-2: Base on Balls
|
Batting: RHB Patrick Chute
|
0-0: Ball 1-0: Ball 2-0: 2-RUN HOME RUN (Flyball, 9D), Distance : 398 ft
|
Batting: RHB David Banks
|
0-0: SINGLE (Line Drive, 5D)
|
Batting: RHB Bill Bourland
|
0-0: Foul Ball, location: 2F 0-1: SINGLE (Line Drive, 78S) David Banks to second
|
Batting: RHB Bennie McGrath
|
0-0: Ball 1-0: Ball 2-0: Ball 3-0: Called Strike 3-1: Foul Ball, location: 2F 3-2: Foul Ball, location: 2F 3-2: Base on Balls David Banks to third Bill Bourland to second
|
Batting: RHB Brandon Owen
|
0-0: Ball 1-0: Foul Ball, location: 2F 1-1: Fly out, F7 (Flyball, 7M) Runner from 3rd tags up, SCORES, throw made
|
Batting: SHB Ramón Velázquez
|
0-0: Foul Ball, location: 2F 0-1: Ball 1-1: Ball 2-1: Called Strike 2-2: Strikes out swinging
|
Batting: RHB Larry Storms
|
0-0: Ball 1-0: Ball 2-0: Ball 3-0: Called Strike 3-1: Base on Balls Bill Bourland to third Bennie McGrath to second
|
Batting: SHB Glenn Hinton
|
0-0: Ball 1-0: Foul Ball, location: 2F 1-1: Foul Ball, location: 2F 1-2: Fly out, F7 (Flyball, 7M)
|
Bottom of the 3rd over - 3 run(s), 3 hit(s), 0 error(s), 3 left on base; California 0 - Utah 3 |
TOP OF THE 4TH |
California Golden Bears batting - Pitching for Utah Utes : RHP Wes Meeks
|
Batting: LHB Robbie Evison
|
0-0: Ball 1-0: SINGLE (Line Drive, 34)
|
Batting: SHB Darrel Lang
|
0-0: Fly out, F9 (Line Drive, 9D)
|
Batting: RHB Sergio González
|
0-0: Ball 1-0: Foul Ball, location: 2F 1-1: Foul Ball, location: 2F 1-2: Foul Ball, location: 2F 1-2: Strikes out swinging
|
Batting: RHB Francis Land
|
0-0: Called Strike 0-1: Ball 1-1: Ground out 4-3 (Groundball, 4)
|
Top of the 4th over - 0 run(s), 1 hit(s), 0 error(s), 1 left on base; California 0 - Utah 3 |
BOTTOM OF THE 4TH |
Utah Utes batting - Pitching for California Golden Bears : RHP Charles Schneider
|
Batting: SHB Brandon Manning
|
0-0: Called Strike 0-1: Ball 1-1: Ball 2-1: Foul Ball, location: 2F 2-2: Strikes out swinging
|
Batting: RHB Patrick Chute
|
0-0: Ball 1-0: SINGLE (Groundball, 56D)
|
Batting: RHB David Banks
|
0-0: Ball Patrick Chute steals 2nd base 1-0: SINGLE (Line Drive, 89S) Patrick Chute to third
|
Batting: RHB Bill Bourland
|
0-0: Ball 1-0: Grounds into double play, 6-4-3 (Groundball, 6)
|
Bottom of the 4th over - 0 run(s), 2 hit(s), 0 error(s), 1 left on base; California 0 - Utah 3 |
TOP OF THE 5TH |
California Golden Bears batting - Pitching for Utah Utes : RHP Wes Meeks
|
Batting: LHB Ken Wheeler
|
0-0: Called Strike 0-1: Foul Ball, location: 2F 0-2: Ball 1-2: Strikes out swinging
|
Batting: RHB Chris Martínez
|
0-0: Ball 1-0: Foul Ball, location: 2F 1-1: Fly out, F5 (Popup, 25F)
|
Batting: RHB Bob Cooper
|
0-0: Ball 1-0: Ground out 6-3 (Groundball, 6)
|
Top of the 5th over - 0 run(s), 0 hit(s), 0 error(s), 0 left on base; California 0 - Utah 3 |
BOTTOM OF THE 5TH |
Utah Utes batting - Pitching for California Golden Bears : RHP Charles Schneider
|
Batting: RHB Bennie McGrath
|
0-0: Called Strike 0-1: Ball 1-1: SINGLE (Groundball, 6MD)
|
Batting: RHB Brandon Owen
|
0-0: Fly out, F2 (Popup, 2LF)
|
Batting: SHB Ramón Velázquez
|
0-0: Called Strike 0-1: Hit by Pitch Bennie McGrath to second
|
Batting: RHB Larry Storms
|
0-0: Called Strike 0-1: Fly out, F3 (Line Drive, 3)
|
Batting: SHB Glenn Hinton
|
0-0: Ball 1-0: Ball 2-0: Ball 3-0: Called Strike 3-1: Base on Balls Bennie McGrath to third Ramón Velázquez to second
|
Pitching: RHP Martin Dixon
|
|
Batting: SHB Brandon Manning
|
0-0: Swinging Strike 0-1: Foul Ball, location: 2F 0-2: Ball 1-2: Ball 2-2: Foul Ball, location: 2F 2-2: DOUBLE (Line Drive, 5L) Bennie McGrath scores Ramón Velázquez scores Glenn Hinton to third Runner from 3rd tries for Home, SAFE, no throw or cutoff
|
Batting: RHB Patrick Chute
|
0-0: Ball 1-0: Called Strike 1-1: Ball 2-1: Foul Ball, location: 2F 2-2: Strikes out swinging
|
Bottom of the 5th over - 3 run(s), 2 hit(s), 0 error(s), 1 left on base; California 0 - Utah 6 |
TOP OF THE 6TH |
California Golden Bears batting - Pitching for Utah Utes : RHP Wes Meeks
|
Batting: RHB Ray Foster
|
0-0: Called Strike 0-1: Called Strike 0-2: Ball 1-2: Ball 2-2: Ball 3-2: Base on Balls
|
Batting: RHB Ed Crockett
|
0-0: Called Strike Pickoff Throw to First - Out! 0-1: Ball 1-1: Ball 2-1: Ground out 5-3 (Groundball, 5)
|
Batting: LHB Robbie Evison
|
0-0: SINGLE (Line Drive, 89S)
|
Batting: SHB Darrel Lang
|
0-0: Ground out 4-3 (Groundball, 4)
|
Top of the 6th over - 0 run(s), 1 hit(s), 0 error(s), 1 left on base; California 0 - Utah 6 |
BOTTOM OF THE 6TH |
Utah Utes batting - Pitching for California Golden Bears : RHP Martin Dixon
|
Batting: RHB David Banks
|
0-0: Called Strike 0-1: Foul Ball, location: 2F 0-2: Ball 1-2: Ball 2-2: Strikes out looking
|
Batting: RHB Bill Bourland
|
0-0: Ball 1-0: Ball 2-0: Ball 3-0: Called Strike 3-1: Fly out, F7 (Flyball, 7LSF)
|
Batting: RHB Bennie McGrath
|
0-0: Called Strike 0-1: Ball 1-1: Ball 2-1: Ball 3-1: Foul Ball, location: 2F 3-2: Base on Balls
|
Batting: RHB Brandon Owen
|
0-0: Ball 1-0: Ball 2-0: Fielders Choice at 2nd, 5-4 (Groundball, 5)
|
Bottom of the 6th over - 0 run(s), 0 hit(s), 0 error(s), 0 left on base; California 0 - Utah 6 |
TOP OF THE 7TH |
California Golden Bears batting - Pitching for Utah Utes : RHP Wes Meeks
|
Batting: RHB Sergio González
|
0-0: Fly out, F8 (Line Drive, 8LM)
|
Batting: RHB Francis Land
|
0-0: Ground out 6-3 (Groundball, 6)
|
Batting: LHB Ken Wheeler
|
0-0: Ground out 4-3 (Groundball, 4)
|
Top of the 7th over - 0 run(s), 0 hit(s), 0 error(s), 0 left on base; California 0 - Utah 6 |
BOTTOM OF THE 7TH |
Utah Utes batting - Pitching for California Golden Bears : LHP David Waller
|
Pitching: LHP David Waller
|
|
Batting: SHB Ramón Velázquez
|
0-0: Called Strike 0-1: Swinging Strike 0-2: Ball 1-2: Foul Ball, location: 2F 1-2: Ball 2-2: Strikes out swinging
|
Batting: RHB Larry Storms
|
0-0: Ball 1-0: Ball 2-0: Called Strike 2-1: Ball 3-1: Foul Ball, location: 2F 3-2: Base on Balls
|
Batting: SHB Glenn Hinton
|
0-0: Called Strike 0-1: DOUBLE (Line Drive, 5L) Larry Storms to third
|
Batting: SHB Brandon Manning
|
0-0: Fly out, F4 (Popup, 4)
|
Batting: RHB Patrick Chute
|
0-0: Ground out 1-3 (Groundball, 13)
|
Bottom of the 7th over - 0 run(s), 1 hit(s), 0 error(s), 2 left on base; California 0 - Utah 6 |
TOP OF THE 8TH |
California Golden Bears batting - Pitching for Utah Utes : RHP Wes Meeks
|
Batting: RHB Chris Martínez
|
0-0: DOUBLE (Flyball, 78M)
|
Batting: RHB Bob Cooper
|
0-0: Called Strike 0-1: Ball 1-1: Foul Ball, location: 2F 1-2: Ball 2-2: Foul Ball, location: 2F 2-2: Ground out 6-3 (Groundball, 6)
|
Batting: RHB Ray Foster
|
0-0: SINGLE (Flyball, 8RS) Chris Martínez to third Runner from 3rd tries for Home, SAFE, throw made home
|
Batting: RHB Ed Crockett
|
0-0: Called Strike 0-1: Called Strike 0-2: Ball 1-2: Fly out, F8 (Flyball, 8LM)
|
Batting: LHB Robbie Evison
|
0-0: Called Strike 0-1: Foul Ball, location: 2F 0-2: Strikes out swinging
|
Top of the 8th over - 1 run(s), 2 hit(s), 0 error(s), 1 left on base; California 1 - Utah 6 |
BOTTOM OF THE 8TH |
Utah Utes batting - Pitching for California Golden Bears : LHP David Waller
|
Batting: RHB David Banks
|
0-0: Ground out 1-3 (Groundball, 13)
|
Batting: RHB Bill Bourland
|
0-0: Swinging Strike 0-1: Foul Ball, location: 2F 0-2: SINGLE (Groundball, 56D)
|
Batting: RHB Bennie McGrath
|
Pickoff Throw to First - Error! E1 Bill Bourland to second 0-0: Called Strike 0-1: Called Strike 0-2: Ball 1-2: Ball 2-2: Ball 3-2: Base on Balls
|
Batting: RHB Brandon Owen
|
0-0: Ball Bill Bourland is caught stealing 3rd base Bennie McGrath to second 1-0: Called Strike 1-1: Swinging Strike 1-2: Strikes out looking
|
Bottom of the 8th over - 0 run(s), 1 hit(s), 1 error(s), 1 left on base; California 1 - Utah 6 |
TOP OF THE 9TH |
California Golden Bears batting - Pitching for Utah Utes : RHP Wes Meeks
|
Pitching: RHP Bryan Graves
|
|
Batting: SHB Darrel Lang
|
0-0: Called Strike 0-1: SINGLE (Flyball, 7S)
|
Batting: RHB Sergio González
|
0-0: Hit by Pitch Darrel Lang to second
|
Batting: RHB Francis Land
|
0-0: Ball 1-0: Ball 2-0: Called Strike 2-1: SINGLE (Flyball, 8RS) Darrel Lang to third Sergio González to second
|
Batting: LHB Ken Wheeler
|
0-0: Called Strike 0-1: Swinging Strike 0-2: Ball 1-2: Strikes out looking
|
Batting: RHB Chris Martínez
|
0-0: Swinging Strike 0-1: Foul Ball, location: 2F 0-2: Fly out, F9 (Flyball, 9M) Throwing error, E9 Darrel Lang scores Sergio González to third Francis Land to second
|
Batting: RHB Bob Cooper
|
0-0: Ball 1-0: Ball 2-0: Swinging Strike 2-1: Foul Ball, location: 2F 2-2: Fly out, F8 (Flyball, 8RM)
|
Top of the 9th over - 1 run(s), 2 hit(s), 1 error(s), 2 left on base; California 2 - Utah 6 |
|